 Dungeon Crawl Stone Soup version 0.30-a0-870-gc5d4c5acee (webtiles) character file.

Game seed: 8713532332441184291

32 bande the Shield-Bearer (level 3, 0/23 HPs)
             Began as a Gargoyle Fighter on Mar 12, 2023.
             Constricted to death by a ball python (1 damage)
             ... on level 2 of the Dungeon.
             The game lasted 00:00:41 (145 turns).

bande the Shield-Bearer (Gargoyle Fighter)           Turns: 145, Time: 00:00:42

Health: 0/23       AC: 11    Str: 19    XL:     3   Next: 25%
Magic:  3/3        EV:  6    Int:  8    God:
Gold:   8          SH:  4    Dex: 11    Spells: 2/2 levels left

rFire   . . .      SeeInvis .    a - +0 war axe
rCold   . . .      Faith    .    c - +0 buckler
rNeg    + . .      Spirit   .    b - +0 scale mail
rPois   ∞          Reflect  .    (no helmet)
rElec   +          Rampage  .    f - +0 cloak
rCorr   .                        (no gloves)
Will    .....                    (no boots) Stlth
                                 (no amulet)
HPRegen 0.23/turn                (no ring)
MPRegen 0.08/turn                (no ring)

@: constricted
A: sickness immunity, AC +3, negative energy resistance 1, electricity
resistance, torment resistance 1, petrification resistance
a: no special abilities


You were on level 2 of the Dungeon.
You visited 1 branch of the dungeon, and saw 2 of its levels.

You collected 8 gold pieces.

Inventory:

Hand Weapons
 a - a +0 war axe (weapon)
Armour
 b - a +0 scale mail (worn)
 c - a +0 buckler (worn)
 f - a +0 cloak (worn)
Scrolls
 e - a scroll of teleportation {unknown}
 g - a scroll of identify {unknown}
Potions
 d - 3 potions of might


   Skills:
 + Level 3.6 Fighting
 + Level 2.2 Axes
 + Level 3.6 Armour
 + Level 3.7 Shields


You had 2 spell levels left.
You didn't know any spells.
Your spell library contained the following spells:

 Spells                   Type           Power      Damage    Failure   Level
 Vhi's Electric Charge    Tloc/Air       0%         N/A       99%         3
 Arcjolt                  Conj/Air       0%         1d10      100%        5
 Maxwell's Capacitive Co  Air            0%         ∞         100%        8


Dungeon Overview and Level Annotations

Branches:
Dungeon (2/15)

Altars:


Innate Abilities, Weirdness & Mutations

You are immune to sickness and miasma.
Your stone body is resilient. (AC +3)
You are immune to poison.
You resist negative energy. (rN+)
You are resistant to electric shocks. (rElec)
You are resistant to unholy torment.
You are immune to petrification.


Message History

You have reached level 3!
Your experience leads to an increase in your attributes!
Increase (S)trength, (I)ntelligence, or (D)exterity?
You feel agile. x2
You closely miss the rat. You hit the goblin but do no damage.
The goblin no longer looks unusually strong.
The goblin hits you but does no damage. The rat bites you but does no damage.
The goblin misses you.
You completely miss the rat. You slash the goblin!
You kill the goblin!
You block the rat's attack. The rat bites you but does no damage.
You slash the rat!
You kill the rat!
You hit the kobold.
You kill the kobold!
The goblin closely misses you.
Items here: ! ( ))))))) [[ ††††††††.
You barely miss the goblin. The goblin closely misses you.
A ball python comes into view.
The goblin hits you but does no damage.
You closely miss the goblin. The goblin hits you with a +0 club.
* * * LOW HITPOINT WARNING * * *
You slash the goblin!
You kill the goblin!
The ball python bites you but does no damage.
The ball python grabs you. The ball python constricts you.
You barely miss the ball python.
The ball python bites you but does no damage.
The ball python constricts you. You block the ball python's attack.
The ball python constricts you.
* * * LOW HITPOINT WARNING * * *
You closely miss the ball python. The ball python bites you.
* * * LOW HITPOINT WARNING * * *
The ball python constricts you.
You barely miss the ball python.
The ball python bites you but does no damage.
The ball python constricts you.
The ball python bites you but does no damage.
The ball python constricts you.
You die...

..# # #.# #
#.##.##.#
#.......#
########.####
#......#.#
#>####.#.# #
#.#......# ##.#
#@#.##.###
#...##S#.##.#
#.#...g.....# #
###...##.#.####
.............# g
#..##.##†#.###
.g#..........##
....g..g##....##
..#g.g##.......#


You could see a goblin and a ball python.

Vanquished Creatures
  Robin (D:2)
  A worm (D:2)
  9 goblins (D:2)
  A hobgoblin (D:2)
  A kobold (D:2)
  2 bats
  2 rats (D:2)
17 creatures vanquished.

Notes
Turn   | Place    | Note
-------+----------+-------------------------------------------
     0 | D:1      | bande the Gargoyle Fighter began the quest for the Orb.
     0 | D:1      | Reached XP level 1. HP: 14/14 MP: 1/1
    55 | D:1      | You fall into a shaft and drop 1 floor!
    96 | D:2      | Noticed Robin
   116 | D:2      | Reached XP level 2. HP: 19/19 MP: 2/2
   134 | D:2      | Killed Robin
   135 | D:2      | Reached XP level 3. HP: 4/23 MP: 3/3
   144 | D:2      | HP: 1/23 [ball python (3)]
   145 | D:2      | Constricted to death by a ball python

Illustrated notes

Levels and vault maps discovered:
D:1:      wander_arrival_lonely_grave, layout_loops_ring, st_stairs_10,
          minmay_misc_feat_ornament, minmay_domino_4
D:2:      layout_loops_cross, uniq_robin, uniq_crazy_yiuf_cottage

Skill      XL: |  1  2 |
---------------+-------+-----
Axes           | 2 |  2.2
Fighting       | |  3.6
Armour         | |  3.6
Shields        | |  3.7

Action                     || total
---------------------------++-------
  Melee: War axe           ||    46
 Armour: Scale mail        ||    39
  Dodge: Dodged            ||    35
  Block: Buckler           ||    12

Table legend: (Time is in decaauts)
 A = Elapsed time spent in this place.
 B = Non-inter-level travel time spent in this place.
 C = Inter-level travel time spent in this place.
 D = Time resting spent in this place.
 E = Time spent auto-exploring this place.
 F = Levels seen in this place.
 G = Mean time per level.
                   A        B        C        D        E       F      G
               +--------+--------+--------+--------+--------+-----+--------+
         Total |    164 |    164 |      0 |      0 |     45 |   2 |   82.0 |
       Dungeon |    164 |    164 |      0 |      0 |     45 |   2 |   82.0 |
               +--------+--------+--------+--------+--------+-----+--------+

Top non-repeatable levels by time:
     D:2: 106 daAuts
     D:1: 58 daAuts
